 Dungeon Crawl Stone Soup version 0.19.1-1-g22dce08 (webtiles) character file.

226 Dolanko the Skirmisher (level 6, -1/39 HPs)
             Began as a Gargoyle Fighter on Dec 29, 2016.
             Was a Follower of Makhleb.
             Slain by Dolanko's ghost (6 damage)
             ... on level 4 of the Dungeon.
             The game lasted 00:04:06 (1993 turns).

Dolanko the Skirmisher (Gargoyle Fighter)           Turns: 1993, Time: 00:04:07

Health: -1/39      AC: 18    Str: 26    XL:     6   Next: 1%
Magic:  6/6        EV:  5    Int:  9    God:    Makhleb [*.....]
Gold:   157        SH: 17    Dex:  9    Spells: 0 memorised, 5 levels left

rFire  . . .     SeeInvis .     w - +1 flail (protect)
rCold  . . .     Gourm    .     b - +0 scale mail
rNeg   + . .     Faith    .     g - +2 large shield
rPois  ∞         Spirit   .     (no helmet)
rElec  +         Reflect  .     (no cloak)
rCorr  .         Harm     .     (no gloves)
MR     .....                    (no boots)
Stlth  ..........               (no amulet)
                                (no ring)
                                x - ring of wizardry

@: mighty, protection aura, very slightly contaminated, hasted, very quick
A: negative energy resistance 1, electricity resistance, unbreathing,
petrification resistance, rot immunity, AC +4
a: Renounce Religion


You were on level 4 of the Dungeon.
You worshipped Makhleb.
Makhleb was aware of your devotion.
You were hungry.

You visited 1 branch of the dungeon, and saw 4 of its levels.

You collected 157 gold pieces.

Inventory:

Hand Weapons
 w - a +1 flail of protection (weapon)
Missiles
 a - 5 javelins of penetration (quivered)
Armour
 b - a +0 scale mail (worn)
 g - a +2 large shield (worn)
Jewellery
 x - a ring of wizardry (left hand)
Wands
 y - a wand of flame (24/48)
Scrolls
 c - a scroll of enchant weapon {unknown}
 e - 3 scrolls of magic mapping {unknown}
 h - a scroll of remove curse
 i - a scroll of teleportation {unknown}
 j - 3 scrolls of identify {unknown}
 l - 3 scrolls of blinking {unknown}
 n - a scroll of fear {unknown}
 p - a scroll of enchant armour {unknown}
 v - a scroll of noise {unknown}
 z - a scroll of fog {unknown}
Potions
 q - a potion of cure mutation {unknown}
 r - a potion of haste
 s - 2 potions of curing {unknown}
 t - a potion of agility {unknown}
 u - a potion of flight {unknown}
Comestibles
 f - 4 bread rations
 k - 2 meat rations
 m - 6 fruits
 o - 2 slices of pizza
 A - a beef jerky


   Skills:
 + Level 4.3 Fighting
 * Level 4.0 Maces & Flails
 + Level 4.2 Armour
 + Level 4.2 Shields


You had 5 spell levels left.
You didn't know any spells.

Dungeon Overview and Level Annotations

Branches:
Dungeon (4/15)
 Temple: D:4-7

Altars:
Makhleb
Nemelex Xobeh
Vehumet

Annotations:
D:4 Dolanko's ghost, amateur GrFi


Innate Abilities, Weirdness & Mutations

You are resistant to torment.
Your stone body is resilient. (AC +4)
You are immune to poison.
You resist negative energy. (rN+)
You are resistant to electric shocks. (rElec)
You can survive without breathing.
You are immune to petrification.
You are immune to rotting.


Message History

You sock Dolanko's ghost!
Dolanko's ghost is severely damaged.
Dolanko's ghost says very slowly, "There's no hope."
You block Dolanko's ghost's attack.
Dolanko's ghost hits you but does no damage.
You hit Dolanko's ghost but do no damage.
Dolanko's ghost is severely damaged.
Dolanko's ghost hits you but does no damage. x2
It was a potion of haste.
You feel yourself speed up. You block Dolanko's ghost's attack.
You are very lightly contaminated with residual magic.
You hit Dolanko's ghost but do no damage.
Dolanko's ghost is severely damaged.
Dolanko's ghost hits you!
* * * LOW HITPOINT WARNING * * *
You feel very mighty all of a sudden.
You hit Dolanko's ghost but do no damage.
Dolanko's ghost is severely damaged.
Dolanko's ghost hits you.
You die...

## #. #.# #.# ..
..# ##.# #.# #...
#.#
#.#...##########
#.#
#....W@†.......#
#.#
#.........#####.#
#.# #...>.....#
#.###.#
#.........#
#.....####
####....###
#..##..... #....#
#..####### #....#
#..# ####.# #..#
#..#######


You could see Dolanko's ghost.

Vanquished Creatures
  A crimson imp (D:2)
  An orc wizard (D:3)
  7 adders
  2 oozes
  3 dart slugs
  4 leopard geckos
  6 orcs (D:3)
  4 bats
  2 giant cockroaches
  8 goblins
  7 hobgoblins
  10 jackals
  7 kobolds
  A quokka (D:2)
  A ball python (D:2)
  5 frilled lizards
  11 rats
80 creatures vanquished.

Notes
Turn   | Place    | Note
-------+----------+-------------------------------------------
     0 | D:1      | Dolanko the Gargoyle Fighter began the quest for the Orb.
     0 | D:1      | Reached XP level 1. HP: 14/14 MP: 1/1
    88 | D:1      | Reached XP level 2. HP: 15/19 MP: 2/2
   363 | D:1      | Reached XP level 3. HP: 21/23 MP: 3/3
   858 | D:2      | Reached XP level 4. HP: 23/29 MP: 4/4
  1019 | D:2      | Found a sparkling altar of Nemelex Xobeh.
  1063 | D:2      | Found a burning altar of Makhleb.
  1091 | D:2      | Became a worshipper of Makhleb the Destroyer
  1188 | D:3      | Found a radiant altar of Vehumet.
  1266 | D:3      | Reached XP level 5. HP: 31/33 MP: 5/5
  1404 | D:3      | Reached * piety under Makhleb
  1737 | D:3      | Reached XP level 6. HP: 36/39 MP: 6/6
  1975 | D:4      | Noticed Dolanko's ghost (amateur GrFi)
  1993 | D:4      | Slain by Dolanko's ghost

Skill      XL: |  1  2  3  4  5 |
---------------+----------------+-----
Maces & Flails | 3 4 |  4.0
Armour         | 4 |  4.2
Shields        | 4 |  4.2
Fighting       | 4 |  4.3

Action                   |  1- 3 |  4- 6 || total
-------------------------+-------+-------++-------
Melee: Flail             |   122 |   243 ||   365
Throw: Javelin           |     1 |     6 ||     7
  Use: Scroll            |       |     1 ||     1
       Potion            |       |     2 ||     2
  Eat: Chunk             |       |     4 ||     4
Armor: Scale mail        |    70 |   106 ||   176
Dodge: Dodged            |    35 |    47 ||    82
Block: Large shield      |   121 |   250 ||   371
       Shield            |     3 |       ||     3
